 Dungeon Crawl Stone Soup version 0.28-a0-620-g539b0f7ac7 (webtiles) character file.

Game seed: 13161381235176653711

790 bande the Chopper (level 7, -15/44 HPs)
             Began as a Gargoyle Fighter on Oct 6, 2021.
             Was an Initiate of Okawaru.
             Demolished by an ogre (20 damage)
             ... on level 5 of the Dungeon.
             The game lasted 00:06:31 (5580 turns).

bande the Chopper (Gargoyle Fighter)                Turns: 5580, Time: 00:06:32

Health: -15/44     AC: 18    Str: 21    XL:     7   Next: 87%
Magic:  7/7        EV:  6    Int:  8    God:    Okawaru [......]
Gold:   232        SH:  4    Dex: 10    Spells: 6/6 levels left

rFire   . . .      SeeInvis .   a - +0 war axe
rCold   . . .      Faith    .   c - +0 buckler
rNeg    + . .      Spirit   .   e - +0 plate armour
rPois   ∞          Reflect  .   f - +0 helmet
rElec   +          Harm     .   (no cloak)
rCorr   .          Rampage  .   (no gloves)
Will    .....                   (no boots)
Stlth   ..........              (no amulet)
HPRegen 0.14/turn               (no ring)
MPRegen 0.10/turn               (no ring)

@: no status effects
A: sickness immunity, AC +4, negative energy resistance 1, electricity
resistance, torment resistance 1, petrification resistance
a: Renounce Religion


You were on level 5 of the Dungeon.
You worshipped Okawaru.
Okawaru was noncommittal.
You visited 2 branches of the dungeon, and saw 6 of its levels.

You collected 232 gold pieces.

Inventory:

Hand Weapons
 a - a +0 war axe (weapon)
 b - a +0 flail
 k - a +0 war axe
Armour
 c - a +0 buckler (worn)
 e - a +0 plate armour (worn)
 f - a +0 helmet (worn)
Jewellery
 g - a ring of ice
Scrolls
 i - 2 scrolls of fog
 l - 2 scrolls of identify
Potions
 d - a potion of might
 h - 2 potions of curing
 j - 2 potions of heal wounds {unknown}
 m - a potion of magic {unknown}


   Skills:
 + Level 5.1 Fighting
 + Level 6.1 Axes
 + Level 5.0 Armour
 + Level 4.0 Shields


You had 6 spell levels left.
You didn't know any spells.
Your spell library contained the following spells:

 Spells                   Type           Power      Damage    Failure   Level
 Ensorcelled Hibernation  Hex/Ice        0%         N/A       100%        2
 Passwall                 Tmut/Erth      0%         N/A       100%        2
 Static Discharge         Conj/Air       0%         N/A       100%        2
 Ignite Poison            Fire/Tmut/Pois 0%         N/A       100%        3
 Mephitic Cloud           Conj/Pois/Air  0%         N/A       100%        3
 Spider Form              Tmut/Pois      0%         N/A       100%        3
 Swiftness                Air            0%         N/A       100%        3
 Freezing Cloud           Conj/Ice/Air   0%         6-21      100%        5
 Lightning Bolt           Conj/Air       0%         1d11      100%        5
 Silence                  Hex/Air        0%         N/A       100%        5
 Invisibility             Hex            0%         N/A       100%        6
 Orb of Destruction       Conj           0%         N/A       100%        7
 Maxwell's Capacitive Co  Air            0%         ∞         100%        8
 Summon Guardian Golem    Hex/Summ       Unusable   N/A       N/A         3
 Summon Lightning Spire   Summ/Air       Unusable   N/A       N/A         4
 Spellforged Servitor     Conj/Summ      Unusable   N/A       N/A         7

Dungeon Overview and Level Annotations

Branches:
Dungeon (5/15)             Temple (1/1) D:4

Altars:
Ashenzari
Cheibriados
Dithmenos
Elyvilon
Fedhas
Gozag
Hepliaklqana
Makhleb
Nemelex Xobeh
Okawaru
Qazlal
Ru
Sif Muna
Trog
Uskayaw
Vehumet
Wu Jian
Xom
Yredelemnul
Zin
Beogh

Shops:
D:2 (


Innate Abilities, Weirdness & Mutations

You are immune to sickness and miasma.
Your stone body is resilient. (AC +4)
You are immune to poison.
You resist negative energy. (rN+)
You are resistant to electric shocks. (rElec)
You are resistant to unholy torment.
You are immune to petrification.


Message History

The adder bites you but does no damage. The adder barely misses you.
Your unstable footing causes you to fumble your attack.
The adder completely misses you. You block the adder's attack.
You slash the adder!
You kill the adder!
Okawaru accepts your kill.
No target in view!
No target in view!
No target in view!
No target in view!
You see here an adder corpse.
Key pressed, stopping explore.
There is a bloodstained altar of Trog here.
An ogre comes into view. It is wielding a +0 giant club.
The ogre shouts!
The ogre hits you with a +0 giant club!!
Your plate armour prevents you from hitting the ogre.
The ogre hits you but does no damage.
You slash the ogre!
The ogre is moderately wounded.
You block the ogre's attack.
You barely miss the ogre.
The ogre is moderately wounded.
The ogre closely misses you.
You completely miss the ogre.
The ogre is moderately wounded.
The ogre hits you but does no damage.
You closely miss the ogre.
The ogre is moderately wounded.
The ogre barely misses you.
You slash the ogre!
The ogre is heavily wounded.
Your plate armour prevents you from hitting the ogre.
The ogre is heavily wounded.
The ogre hits you with a +0 giant club!!
* * * LOW HITPOINT WARNING * * *
You barely miss the ogre.
The ogre is heavily wounded.
The ogre hits you with a +0 giant club!!
You die...

♣♣♣.(.PP♣♣.♣♣ ... ####
≈≈P.#≈≈ ... ≈≈#.#
≈≈..#≈≈. ♣♣♣. #.#
≈♣≈####. .## #.# ♣ # ..
#.###### #.#.##......#
#...........#
##...........#
#....O@.# ..#
##...###.####.#
....###...##..#########
......#._.............#
#.......#...........#
##....###...#.......##
#.
###..####............
#...#
#....##...#........#
#...#
#...........(.....##


You could see an ogre.

Vanquished Creatures
  An ogre (D:3)
  A necrophage (D:5)
  3 jellies
  A bullfrog zombie (D:3)
  A bullfrog skeleton (D:5)
  A gnoll shaman (Temple)
  3 orc priests
  Jessica (D:2)
  Natasha (thrice) (D:2)
  2 hound skeletons
  A howler monkey zombie (D:5)
  7 gnolls
  4 adders
  3 worms
  3 dart slugs
  6 orcs
  8 endoplasms
  4 giant cockroaches
  6 goblins
  4 hobgoblins
  11 jackals
  3 quokkas
  5 ball pythons
  3 bats
  9 kobolds
  3 rats
97 creatures vanquished.

Vanquished Creatures (others)
  2 plants (D:5)
2 creatures vanquished.

Grand Total: 99 creatures vanquished

Notes
Turn   | Place    | Note
-------+----------+-------------------------------------------
     0 | D:1      | bande the Gargoyle Fighter began the quest for the Orb.
     0 | D:1      | Reached XP level 1. HP: 14/14 MP: 1/1
   364 | D:1      | Reached XP level 2. HP: 14/19 MP: 2/2
   467 | D:1      | Reached skill level 2 in Axes
  1105 | D:2      | Reached XP level 3. HP: 23/23 MP: 3/3
  1185 | D:2      | Noticed Natasha
  1200 | D:2      | Killed Natasha
  1520 | D:2      | Found Ovuirekk's Weapon Boutique.
  1566 | D:2      | Noticed Natasha
  1573 | D:2      | Killed Natasha
  1574 | D:2      | Reached skill level 3 in Axes
  1574 | D:2      | Reached XP level 4. HP: 27/29 MP: 4/4
  1576 | D:2      | Found a faded altar of an unknown god.
  1618 | D:2      | Noticed Natasha
  1622 | D:2      | Killed Natasha
  1691 | D:2      | Reached XP level 5. HP: 31/33 MP: 5/5
  1943 | D:2      | Noticed Jessica
  1946 | D:2      | Killed Jessica
  2473 | D:3      | Reached skill level 4 in Axes
  2559 | D:3      | Noticed an ogre
  2568 | D:3      | Killed an ogre
  2569 | D:3      | Reached XP level 6. HP: 34/39 MP: 6/6
  2896 | D:3      | Found a sacrificial altar of Ru.
  3046 | D:3      | Got Qeckima's Almanac of Feathers
  3177 | D:3      | Found a hazy altar of Hepliaklqana.
  3537 | D:3      | Reached skill level 5 in Axes
  3594 | D:3      | Reached XP level 7. HP: 37/44 MP: 7/7
  3774 | D:4      | Found a staircase to the Ecumenical Temple.
  3783 | Temple   | Entered the Ecumenical Temple
  3804 | Temple   | Became a worshipper of Warmaster Okawaru
  4533 | D:4      | Found an ornate altar of the Wu Jian Council.
  4826 | D:4      | Found a sparkling altar of Nemelex Xobeh.
  4969 | D:5      | Entered Level 5 of the Dungeon
  4985 | D:5      | Found a white marble altar of Elyvilon.
  5056 | D:5      | Reached skill level 5 in Fighting
  5076 | D:5      | Reached skill level 6 in Axes
  5076 | D:5      | Reached skill level 5 in Armour
  5252 | D:5      | Found a bloodstained altar of Trog.
  5580 | D:5      | Demolished by an ogre

Illustrated notes

Levels and vault maps discovered:
D:1:      grunt_arrival_lava_bath, layout_loops_ring
D:2:      layout_basic, serial_shops, shop, ebering_ecumenical_altar_mist,
          minmay_distorted, uniq_jessica, uniq_natasha
D:3:      layout_loops_ring, overflow_temple_1_default, amcnicky_altar_gilded,
          nrook_campfire, kennysheep_generic_room_10
D:4:      layout_basic, kennysheep_mini_moat, nzn_wu_jian_contemplation,
          minmay_temple_entry_drinking_statues, kennysheep_orc_chapel
D:5:      layout_loops_cross, nicolae_elyvilon_peaceful_grove,
          trog_three_pillars_becter, serial_bayou, serial_bayou_shore_b,
          serial_bayou_shore_a, serial_bayou_lake_a, serial_bayou_lagoon_a,
          serial_bayou_crossing
Temple:   eino_temple_lava

Skill      XL: |  1  2  3  4  5  6  7 |
---------------+----------------------+-----
Axes           | 2 3 4 5 6 |  6.1
Armour         | 4 5 |  5.0
Fighting       | 4 5 |  5.1
Shields        | 4 |  4.0

Action                   |  1- 3 |  4- 6 |  7- 9 || total
-------------------------+-------+-------+-------++-------
Melee: War axe           |    80 |   120 |   102 ||   302
  Use: Scroll            |       |     6 |     1 ||     7
       Potion            |       |       |     2 ||     2
Armor: Scale mail        |    39 |    51 |     2 ||    92
       Plate armour      |       |       |    80 ||    80
Dodge: Dodged            |    38 |    70 |    35 ||   143
Block: Buckler           |     6 |    23 |    18 ||    47

Table legend: (Time is in decaauts)
 A = Elapsed time spent in this place.
 B = Non-inter-level travel time spent in this place.
 C = Inter-level travel time spent in this place.
 D = Time resting spent in this place.
 E = Time spent auto-exploring this place.
 F = Levels seen in this place.
 G = Mean time per level.
                   A        B        C        D        E       F      G
               +--------+--------+--------+--------+--------+-----+--------+
         Total |   5727 |   5683 |     44 |   1099 |   3646 |   6 |  954.5 |
       Dungeon |   5215 |   5171 |     44 |    652 |   3646 |   5 | 1043.0 |
        Temple |    512 |    512 |      0 |    447 |      0 |   1 |  512.0 |
               +--------+--------+--------+--------+--------+-----+--------+

Top non-repeatable levels by time:
     D:2: 1277 daAuts
     D:4: 1140 daAuts
     D:1: 1087 daAuts
     D:3: 1047 daAuts
     D:5: 663 daAuts
  Temple: 512 daAuts
